[Event "Titled Tuesday Blitz February 28 Late 2023"]
[White "Schekachikhin, Maksim"]
[Black "Fernandez Hernandez, Gerardo"]
[WhiteFideId "24177830"]
[BlackFideId "2207400"]
[WhiteElo "2272"]
[BlackElo "2207"]
[Result "1-0"]
[Round "01"]
[TimeControl "180+2"]
[Date "2023.02.28"]
[WhiteClock "0:00:50"]
[BlackClock "0:00:01"]

1. Nf3 Nf6 2. b3 g6 3. Bb2 Bg7 4. g3 O-O 5. Bg2 d5 6. O-O Nbd7 7. c4 dxc4 8. bxc4 c6 9. d4 Ne4 10. Nbd2 Nxd2 11. Qxd2 Nc5 12. Rfd1 Na4 13. Ba3 Bf5 14. Qb4 Nb6 15. Rac1 Qc7 16. Nh4 Bg4 17. f3 Be6 18. e4 Rfe8 19. d5 Bd7 20. c5 Nc8 21. Bb2 a5 22. Qd2 Bxb2 23. Qxb2 Na7 24. d6 Qc8 25. f4 Nb5 26. a4 Na7 27. e5 Bg4 28. Bf3 1-0


[Site "https://www.chess.com"]

[Event "Titled Tuesday Blitz February 28 Late 2023"]
[White "Sabar, Ethmane Daouda"]
[Black "Marra, Eduardo da Costa"]
[WhiteFideId "19600097"]
[BlackFideId "2106990"]
[WhiteElo "1950"]
[BlackElo "2252"]
[Result "1-0"]
[Round "01"]
[TimeControl "180+2"]
[Date "2023.02.28"]
[WhiteClock "0:00:20"]
[BlackClock "0:01:47"]

1. b3 e5 2. Bb2 Nc6 3. e3 a6 4. Nf3 d6 5. d4 e4 6. Nfd2 f5 7. c4 Nf6 8. Be2 Be7 9. Nc3 O-O 10. O-O Qe8 11. f3 exf3 12. Bxf3 Bd7 13. Qe2 Qg6 14. Rae1 Rae8 15. Nd5 Bd8 16. Nxf6+ Bxf6 17. Bh5 Qg5 18. Bxe8 Rxe8 19. Nf3 Qh6 20. a3 g5 21. d5 Ne5 22. Nxe5 dxe5 23. e4 f4 24. g4 Qh3 25. Qf3 Qxf3 26. Rxf3 Bxg4 27. Rd3 Be7 28. b4 b6 29. Bxe5 Bd8 30. Bc3 Bf5 31. exf5 Rf8 32. c5 Kf7 33. d6 bxc5 34. bxc5 cxd6 35. Rxd6 Be7 36. Rd7 Re8 37. Rexe7+ Rxe7 38. Rxe7+ Kxe7 39. Be5 h6 40. c6 a5 41. Kf2 a4 42. Bc7 Kf6 43. Bd8+ Kf7 44. c7 Ke8 45. c8=Q 1-0


[Site "https://www.chess.com"]

[Event "Titled Tuesday Blitz February 28 Late 2023"]
[White "Pert, Richard G"]
[Black "olga-belka"]
[WhiteFideId "404748"]
[WhiteElo "2441"]
[BlackElo "2176"]
[Result "0-1"]
[Round "01"]
[TimeControl "180+2"]
[Date "2023.02.28"]
[WhiteClock "0:00:43"]
[BlackClock "0:00:13"]

1. d4 Nf6 2. Bg5 g6 3. Nf3 Bg7 4. Nbd2 d5 5. e3 c5 6. c3 Nc6 7. Bd3 b6 8. Qe2 Bb7 9. h4 h6 10. Bf4 a5 11. Ne5 Nxe5 12. Bxe5 h5 13. Bb5+ Kf8 14. Nf3 Ng4 15. Bg3 Bf6 16. Ng5 Kg7 17. f3 Nh6 18. O-O-O a4 19. a3 c4 20. Qc2 Ra5 21. Bxa4 b5 22. Bxb5 Rxb5 23. e4 dxe4 24. fxe4 Ng4 25. Rhe1 Qb6 26. Nf3 e6 27. e5 Be7 28. Bf4 Ra8 29. Bg5 Bxa3 30. Bf6+ Kg8 31. bxa3 Rxa3 32. Kd2 Rb2 33. Rb1 Rxc2+ 34. Kxc2 Ra2+ 35. Kc1 Qa5 36. Kd1 Qxc3 37. Re2 Qd3+ 38. Kc1 Qxe2 39. Rxb7 Qc2# 0-1


[Site "https://www.chess.com"]

[Event "Titled Tuesday Blitz February 28 Late 2023"]
[White "Matsuura, Frederico"]
[Black "Gascon Del Nogal, Jose Rafael"]
[WhiteFideId "2107848"]
[BlackFideId "3902463"]
[WhiteElo "2302"]
[BlackElo "2473"]
[Result "0-1"]
[Round "01"]
[TimeControl "180+2"]
[Date "2023.02.28"]
[WhiteClock "0:01:00"]
[BlackClock "0:01:19"]

1. d4 d5 2. c4 e6 3. Nc3 h6 4. Nf3 Nf6 5. Bf4 Bd6 6. Bg3 Bxg3 7. hxg3 O-O 8. e3 Nbd7 9. Qc2 b6 10. cxd5 exd5 11. b4 c5 12. bxc5 bxc5 13. dxc5 Nxc5 14. Be2 Bg4 15. O-O Rc8 16. Nd4 Nce4 17. Bxg4 Nxg4 18. Nde2 Nxc3 19. Nxc3 d4 20. Rfd1 Qa5 21. Qe2 Qh5 0-1


[Site "https://www.chess.com"]

[Event "Titled Tuesday Blitz February 28 Late 2023"]
[White "Nefedov, Sergey"]
[Black "Adel, Sara"]
[WhiteFideId "24113417"]
[BlackFideId "10616764"]
[WhiteElo "2227"]
[BlackElo "1997"]
[Result "1-0"]
[Round "01"]
[TimeControl "180+2"]
[Date "2023.02.28"]
[WhiteClock "0:00:20"]
[BlackClock "0:00:19"]

1. d4 Nf6 2. Nf3 g6 3. c4 Bg7 4. Nc3 d6 5. Bg5 O-O 6. Qd2 Nbd7 7. Bh6 c5 8. d5 a6 9. e4 Qa5 10. Bxg7 Kxg7 11. Bd3 Rb8 12. a4 Qc7 13. O-O e6 14. dxe6 fxe6 15. Rad1 Ne5 16. Be2 Nxf3+ 17. Bxf3 Rd8 18. e5 Ne8 19. exd6 Rxd6 20. Qf4 b6 21. Qe5+ Kf7 22. Ne4 Rxd1 23. Qxc7+ Nxc7 24. Rxd1 e5 25. Ng5+ Kg7 26. Rd8 h6 27. Bg4 hxg5 28. Bxc8 b5 29. Rd7+ Kf6 30. Rxc7 bxa4 31. g3 Rxb2 32. Rc6+ Ke7 33. Rxa6 Rb4 34. Rxg6 Rxc4 35. Ra6 Rb4 36. Bf5 c4 37. Bc2 c3 38. Bxa4 Rc4 39. Bc2 Kd7 40. Kg2 Kc7 41. Kf3 Kb7 42. Ra5 Kb6 43. Rxe5 g4+ 44. Ke2 Kc6 45. Kd3 Ra4 46. Bxa4+ 1-0


[Site "https://www.chess.com"]

[Event "Titled Tuesday Blitz February 28 Late 2023"]
[White "Dahlgren, James Allen"]
[Black "Ismagilov, Damir"]
[WhiteFideId "22256873"]
[BlackFideId "34199982"]
[WhiteElo "2153"]
[BlackElo "2078"]
[Result "0-1"]
[Round "01"]
[TimeControl "180+2"]
[Date "2023.02.28"]
[WhiteClock "0:00:08"]
[BlackClock "0:00:36"]

1. d3 g6 2. f4 Bg7 3. Nf3 d5 4. Nc3 Nf6 5. g3 c5 6. Bg2 Nc6 7. O-O O-O 8. e4 dxe4 9. dxe4 e5 10. Be3 b6 11. f5 Ba6 12. Re1 Qc7 13. Nd5 Nxd5 14. exd5 Nd4 15. c3 Nxf5 16. Bf2 Rad8 17. g4 Ne7 18. Bg3 Nxd5 19. Nxe5 Ne3 20. Rxe3 Rxd1+ 21. Rxd1 Rd8 22. Rde1 Qc8 23. Nc6 Bf8 24. Nxd8 Qxd8 25. Re8 Qd2 26. h3 Bb5 27. Ra8 Kg7 28. Rxa7 Bd6 29. Bxd6 Qxe1+ 30. Kh2 Qe6 31. Bg3 Bc4 32. b3 Bd5 33. Bf1 Qe3 34. c4 Bc6 35. Rc7 Qf3 36. Kg1 Qh1+ 37. Kf2 Qe4 38. g5 Qf3+ 39. Ke1 Qxg3+ 0-1


[Site "https://www.chess.com"]

[Event "Titled Tuesday Blitz February 28 Late 2023"]
[White "Cilek, Bora"]
[Black "Tsukerman, Julia"]
[WhiteFideId "34502165"]
[BlackFideId "2621649"]
[WhiteElo "2108"]
[BlackElo "1667"]
[Result "1-0"]
[Round "01"]
[TimeControl "180+2"]
[Date "2023.02.28"]
[WhiteClock "0:01:38"]
[BlackClock "0:00:39"]

1. e4 c5 2. c3 d5 3. exd5 Qxd5 4. d4 Nf6 5. Nf3 Bg4 6. Be2 e6 7. O-O Be7 8. h3 Bh5 9. Be3 cxd4 10. cxd4 Nc6 11. Nc3 Qa5 12. Qb3 Qb4 13. Qc2 O-O 14. a3 Qd6 15. Qb3 Rab8 16. Rfd1 Rfd8 17. Rac1 a6 18. Qb6 Nd5 19. Nxd5 Qxd5 20. Bf4 Bd6 21. Bxd6 Qxd6 22. Rc5 Rd7 23. Rxh5 1-0


[Site "https://www.chess.com"]

[Event "Titled Tuesday Blitz February 28 Late 2023"]
[White "Khatena, Moshe"]
[Black "Riff, Vincent"]
[WhiteFideId "2010461"]
[BlackFideId "617776"]
[WhiteElo "2142"]
[BlackElo "2369"]
[Result "0-1"]
[Round "01"]
[TimeControl "180+2"]
[Date "2023.02.28"]
[WhiteClock "0:00:20"]
[BlackClock "0:00:27"]

1. e4 c5 2. b3 Nc6 3. Bb2 d6 4. Bb5 Nf6 5. Qe2 Bd7 6. f4 e5 7. Bxc6 Bxc6 8. d3 exf4 9. Nh3 Be7 10. Nxf4 O-O 11. Nd2 Nd7 12. Nf3 Ne5 13. Nxe5 dxe5 14. Bxe5 Bf6 15. Bxf6 Qxf6 16. O-O Qd4+ 17. Kh1 Rae8 18. Qg4 g6 19. Rae1 Qc3 20. Nh5 f5 21. Qg5 Kh8 22. Ng3 fxe4 23. Nxe4 Rf5 24. Qh4 Ref8 25. Rxf5 gxf5 26. Ng5 Qg7 27. Re2 Rg8 28. Nxh7 Qa1+ 29. Re1 Bxg2+ 30. Kg1 Qd4+ 31. Qf2 Bh3+ 32. Kh1 Qxf2 0-1


[Site "https://www.chess.com"]

[Event "Titled Tuesday Blitz February 28 Late 2023"]
[White "Klenburg, Michael"]
[Black "Comas Fabrego, Lluis"]
[WhiteFideId "14102072"]
[BlackFideId "2200325"]
[WhiteElo "2396"]
[BlackElo "2523"]
[Result "1-0"]
[Round "01"]
[TimeControl "180+2"]
[Date "2023.02.28"]
[WhiteClock "0:01:38"]
[BlackClock "0:00:40"]

1. e4 c5 2. d3 d6 3. g3 Nc6 4. Bg2 g6 5. f4 Bg7 6. Nf3 e6 7. O-O Nge7 8. c3 O-O 9. Be3 b6 10. Bf2 Bb7 11. Re1 Rc8 12. a4 a6 13. Na3 Qd7 14. Nc4 Qc7 15. Qb3 Na5 16. Qxb6 Nxc4 17. Qxc7 Rxc7 18. dxc4 Bc6 19. Rad1 Rb8 20. Re2 Rcb7 21. Rxd6 Bxa4 22. Rxa6 Bc6 23. Ra2 Rd7 24. Bxc5 Rd1+ 25. Kf2 Nc8 26. Nd4 Be8 27. e5 Bf8 28. Bxf8 Kxf8 29. c5 Ne7 30. b4 Rc1 31. Rec2 Rxc2+ 32. Rxc2 Nd5 33. Bxd5 exd5 34. b5 Ke7 35. c6 Kd8 36. Ra2 1-0


[Site "https://www.chess.com"]

[Event "Titled Tuesday Blitz February 28 Late 2023"]
[White "Michalski, Olaf"]
[Black "Prem, Pranav"]
[WhiteFideId "1106740"]
[BlackFideId "30901057"]
[WhiteElo "2173"]
[BlackElo "1970"]
[Result "0-1"]
[Round "01"]
[TimeControl "180+2"]
[Date "2023.02.28"]
[WhiteClock "0:00:01"]
[BlackClock "0:00:20"]

1. d4 d5 2. c4 e6 3. Nc3 Nf6 4. Bg5 Be7 5. e3 Nbd7 6. Rc1 O-O 7. cxd5 exd5 8. Bd3 c6 9. Nge2 Re8 10. O-O Nf8 11. Ng3 Ne6 12. Bxf6 Bxf6 13. Nh5 Be7 14. Qf3 Bd6 15. g3 Ng5 16. Qe2 Nh3+ 17. Kh1 g6 18. Nf4 Bxf4 19. gxf4 Nxf4 20. Qd2 Nxd3 21. Qxd3 Qh4 22. f4 Qh3 23. Rce1 Bf5 24. Qd2 b5 25. Rf2 b4 26. Ne2 Rxe3 27. Ng3 Rxe1+ 28. Qxe1 a5 29. Qe5 Qg4 30. Nxf5 Qxf5 31. Qxf5 gxf5 32. Rc2 Ra6 33. Rc5 Kf8 34. Kg2 Ke7 35. Kg3 Kd6 36. Kh4 a4 37. Kg5 a3 38. b3 Ra8 39. Kxf5 Re8 0-1


[Site "https://www.chess.com"]

[Event "Titled Tuesday Blitz February 28 Late 2023"]
[White "Di Nicolantonio, Lucas"]
[Black "Chemin, Justo Reinaldo"]
[WhiteFideId "680460"]
[BlackFideId "2101580"]
[WhiteElo "2358"]
[BlackElo "1940"]
[Result "1-0"]
[Round "01"]
[TimeControl "180+2"]
[Date "2023.02.28"]
[WhiteClock "0:00:21"]
[BlackClock "0:00:22"]

1. Nf3 e6 2. c4 d5 3. Nc3 c6 4. e3 Nf6 5. b3 Nbd7 6. Bb2 b6 7. Be2 Bb7 8. Qc2 Be7 9. d4 O-O 10. O-O Rc8 11. Rad1 Qc7 12. Rfe1 Rfd8 13. e4 dxe4 14. Nxe4 Nxe4 15. Qxe4 c5 16. Qe3 Bf6 17. Bc3 Bxf3 18. Bxf3 cxd4 19. Bxd4 Bxd4 20. Rxd4 Nf6 21. Red1 h6 22. g3 Rxd4 23. Qxd4 Qc5 24. Kg2 Qxd4 25. Rxd4 Rc7 26. h4 Kf8 27. Be2 Ke7 28. Kf3 Rd7 29. Ke3 Rxd4 30. Kxd4 Kd6 31. f4 Nd7 32. b4 a5 33. a3 axb4 34. axb4 f6 35. Bg4 e5+ 36. Ke4 exf4 37. Bxd7 Kxd7 38. gxf4 g6 39. Kd5 g5 40. hxg5 fxg5 41. fxg5 hxg5 42. Ke5 Kc6 43. Kf5 b5 44. c5 Kd5 45. Kxg5 Kc4 46. c6 Kxb4 47. c7 Ka3 48. c8=Q b4 49. Qc1+ Ka2 50. Qc2+ Ka3 51. Qb1 b3 52. Kf4 b2 53. Ke3 Kb3 54. Kd2 Ka3 55. Kc3 1-0


[Site "https://www.chess.com"]

[Event "Titled Tuesday Blitz February 28 Late 2023"]
[White "Gurevich, Ilya"]
[Black "Jimenez Almeida, Luis David"]
[WhiteFideId "2000628"]
[BlackFideId "22242244"]
[WhiteElo "2125"]
[BlackElo "2245"]
[Result "0-1"]
[Round "01"]
[TimeControl "180+2"]
[Date "2023.02.28"]
[WhiteClock "0:00:02"]
[BlackClock "0:00:33"]

1. d4 g6 2. c4 Bg7 3. e4 c5 4. d5 b5 5. cxb5 a6 6. b6 Qxb6 7. Nf3 d6 8. Nc3 Nd7 9. a4 Ngf6 10. a5 Qb4 11. Ra4 Qb7 12. Be2 O-O 13. O-O Ne8 14. Ra3 Nc7 15. Rb3 Qa7 16. Bg5 Re8 17. Qd2 Rb8 18. Rxb8 Qxb8 19. Rb1 Qb4 20. Ra1 Bxc3 21. Qxc3 Qxe4 22. Bh6 Nf6 23. Re1 Ncxd5 24. Qb3 Qb4 25. Qd1 Qxa5 26. Bc4 Bb7 27. Ng5 Qb4 28. b3 Ng4 29. Re3 Ngxe3 30. fxe3 Qc3 31. Bxd5 Bxd5 32. h4 Qxe3+ 33. Kh1 Qd4 34. Qf1 Qxh4+ 35. Kg1 Qxh6 36. Nf3 Qe3+ 37. Kh1 Bxf3 38. gxf3 Rb8 39. f4 Rxb3 40. f5 Qf3+ 0-1


[Site "https://www.chess.com"]

[Event "Titled Tuesday Blitz February 28 Late 2023"]
[White "Tologon tegin, Semetei"]
[Black "Levine, David"]
[WhiteFideId "13800574"]
[BlackFideId "2011611"]
[WhiteElo "2247"]
[BlackElo "2123"]
[Result "1-0"]
[Round "01"]
[TimeControl "180+2"]
[Date "2023.02.28"]
[WhiteClock "0:00:57"]
[BlackClock "0:00:12"]

1. d4 d5 2. c4 dxc4 3. e4 Nf6 4. e5 Nd5 5. Bxc4 Nb6 6. Bd3 Nc6 7. Ne2 Bg4 8. f3 Bh5 9. Nbc3 e6 10. Be4 Bg6 11. O-O Bxe4 12. fxe4 Be7 13. Kh1 O-O 14. b3 a5 15. Be3 a4 16. Qd3 Bg5 17. Bg1 Qd7 18. Rad1 axb3 19. axb3 Ra3 20. Qg3 Bh6 21. d5 Ne7 22. d6 Ng6 23. dxc7 Qc6 24. Rd8 Rxb3 25. Bxb6 Rxb6 26. c8=Q Qxc8 27. Rxc8 Rxc8 28. Qf2 Rb2 29. Qxf7+ Kh8 30. Qxe6 Rd8 31. Nd4 Bd2 32. Nd5 1-0


[Site "https://www.chess.com"]

[Event "Titled Tuesday Blitz February 28 Late 2023"]
[White "Marcolino, Daniel Mattos"]
[Black "Krishnan, Varun"]
[WhiteFideId "2106841"]
[BlackFideId "5054508"]
[WhiteElo "2103"]
[BlackElo "2550"]
[Result "0-1"]
[Round "01"]
[TimeControl "180+2"]
[Date "2023.02.28"]
[WhiteClock "0:00:01"]
[BlackClock "0:00:14"]

1. d4 Nf6 2. Nf3 e6 3. c4 d5 4. cxd5 exd5 5. Nc3 c6 6. Bg5 Bf5 7. Qb3 Qb6 8. Qxb6 axb6 9. Bxf6 gxf6 10. e3 b5 11. Nh4 Bg6 12. Nxg6 hxg6 13. Bd3 f5 14. a3 b4 15. Nb1 Bd6 16. g3 Nd7 17. Kd2 Nf6 18. h4 b5 19. Kc2 Ng4 20. Rf1 Ke7 21. Ra2 Ra7 22. Nd2 Rha8 23. Kb3 bxa3 24. bxa3 Rxa3+ 25. Rxa3 Rxa3+ 26. Kc2 Bb4 27. Nf3 Ba5 28. h5 Ra2+ 29. Kb3 Rxf2 30. Rxf2 Nxf2 31. hxg6 fxg6 32. Bc2 Ng4 33. Bd3 Bc7 34. Be2 Bxg3 35. Bd3 Nxe3 36. Kb4 Bd6+ 37. Ka5 Kf6 38. Kb6 b4 39. Kxc6 Bf4 40. Kb5 b3 41. Ne1 g5 0-1


[Site "https://www.chess.com"]

[Event "Titled Tuesday Blitz February 28 Late 2023"]
[White "Janaszak, Dawid"]
[Black "Souza, Gustavo Horokoski De"]
[WhiteFideId "1119206"]
[BlackFideId "2146584"]
[WhiteElo "2220"]
[BlackElo "1859"]
[Result "1-0"]
[Round "01"]
[TimeControl "180+2"]
[Date "2023.02.28"]
[WhiteClock "0:00:26"]
[BlackClock "0:01:05"]

1. e4 e6 2. b3 d5 3. Bb2 dxe4 4. Nc3 Nf6 5. Qe2 b6 6. g4 Bb7 7. Bg2 h6 8. Nxe4 Nxe4 9. Bxe4 Bxe4 10. Qxe4 Nd7 11. O-O-O a5 12. Nf3 Bd6 13. Bxg7 Rg8 14. Qh7 Rxg7 15. Qxg7 a4 16. Rhe1 axb3 17. axb3 Bf8 18. Qd4 Qe7 19. d3 Qa3+ 20. Qb2 Qa5 21. Kb1 Ba3 22. Qa1 Qd5 23. Re4 Be7 24. Qh8+ Nf8 25. Qd4 Qa5 26. Qa4+ Qxa4 27. Rxa4 Rxa4 28. bxa4 Ng6 29. c3 Kd7 30. Kc2 Kc6 31. d4 Nf4 32. Ne5+ Kd5 33. Nxf7 c5 34. dxc5+ Kxc5 35. Nxh6 Nh3 36. f3 Nf2 37. Rd7 Bg5 38. Nf7 Bf4 39. h4 Nh3 40. h5 Ng1 41. h6 Nxf3 42. h7 Ne1+ 43. Kd1 1-0


[Site "https://www.chess.com"]

[Event "Titled Tuesday Blitz February 28 Late 2023"]
[White "Eliteplayer3"]
[Black "Florescu, Codrut-Constantin"]
[BlackFideId "1202200"]
[WhiteElo "2094"]
[BlackElo "2191"]
[Result "0-1"]
[Round "01"]
[TimeControl "180+2"]
[Date "2023.02.28"]
[WhiteClock "0:00:04"]
[BlackClock "0:00:14"]

1. d4 Nf6 2. Nf3 e6 3. Bg5 h6 4. Bxf6 Qxf6 5. e4 d6 6. Nbd2 a6 7. c3 Nc6 8. Bd3 e5 9. Qa4 Bd7 10. Qb3 Rb8 11. d5 Nd8 12. O-O Ra8 13. Nc4 g6 14. Ne3 Bg7 15. c4 O-O 16. Rac1 Qe7 17. Qc3 b6 18. b4 a5 19. a3 Nb7 20. Nd2 f5 21. Nb3 f4 22. Nd1 f3 23. g3 h5 24. c5 axb4 25. axb4 Bh3 26. Re1 Bh6 27. Ne3 bxc5 28. bxc5 h4 29. cxd6 cxd6 30. Qc7 Rf7 31. Qxe7 Rxe7 32. Rc3 Ra3 33. Rec1 Bxe3 34. fxe3 Kf7 35. Kf2 Bg4 36. Nd2 Ra2 37. R1c2 Rxc2 38. Rxc2 Nc5 39. Bf1 Ra7 40. Rb2 Ra4 41. Bc4 Ra1 42. Rb6 Rd1 43. Rxd6 Rxd2+ 44. Kf1 Nxe4 45. Ra6 Rd1# 0-1


[Site "https://www.chess.com"]

[Event "Titled Tuesday Blitz February 28 Late 2023"]
[White "Yedidia, Daniel"]
[Black "Eckert, Doug"]
[WhiteFideId "30905907"]
[BlackFideId "2001993"]
[WhiteElo "2545"]
[BlackElo "2202"]
[Result "1/2-1/2"]
[Round "01"]
[TimeControl "180+2"]
[Date "2023.02.28"]
[WhiteClock "0:00:17"]
[BlackClock "0:00:24"]

1. d4 Nf6 2. c4 e6 3. Nc3 Bb4 4. e3 O-O 5. Bd3 d5 6. Nf3 c5 7. O-O cxd4 8. exd4 dxc4 9. Bxc4 b6 10. Bg5 Bb7 11. Rc1 Nbd7 12. a3 Be7 13. Ba2 Rc8 14. Re1 Re8 15. Bb1 h6 16. Bh4 Nd5 17. Qd3 Nf8 18. Bg3 Bf6 19. Ne4 Be7 20. Ne5 Nf6 21. Nxf6+ Bxf6 22. h3 Qd5 23. Nf3 Rxc1 24. Rxc1 Rc8 25. Rxc8 Bxc8 26. Bc2 Bb7 27. Bb3 Qe4 28. Qxe4 Bxe4 29. Ne5 Be7 30. f3 Bb7 31. Kf2 f6 32. Nd3 Kf7 33. Ke3 Nd7 34. Nf4 Nf8 35. d5 exd5 36. Nxd5 Bxd5 37. Bxd5+ Ke8 38. b4 a5 39. bxa5 bxa5 40. a4 Bb4 41. Bc7 Kd7 42. Bb6 Ne6 43. Bc4 Nc5 44. Bb5+ Kd6 45. Kd4 Nb3+ 46. Kc4 Nd2+ 47. Kd3 Nb3 48. Bf2 Nc5+ 49. Kc4 Ne6 50. Bg3+ Ke7 51. Kd5 g5 52. Bb8 Nf4+ 53. Bxf4 gxf4 54. Ke4 Bd2 55. Kf5 Kf7 56. Bc4+ Kg7 57. h4 Be3 58. h5 Bd2 59. Ke6 Be3 60. Bd3 Bd2 61. Bg6 Be3 62. Kf5 Bd2 63. Ke4 Be3 64. g3 Bc1 65. gxf4 Bd2 66. f5 Bb4 67. Kd5 Be1 68. Ke4 Bb4 69. Kd5 Be1 70. Ke4 1/2-1/2


[Site "https://www.chess.com"]

[Event "Titled Tuesday Blitz February 28 Late 2023"]
[White "Aung Thant Zin"]
[Black "Djokic, Mihailo"]
[WhiteFideId "13000063"]
[BlackFideId "976440"]
[WhiteElo "2278"]
[BlackElo "2294"]
[Result "1/2-1/2"]
[Round "01"]
[TimeControl "180+2"]
[Date "2023.02.28"]
[WhiteClock "0:00:10"]
[BlackClock "0:00:38"]

1. e4 c5 2. Nf3 d6 3. Bb5+ Bd7 4. Bxd7+ Qxd7 5. O-O g6 6. c3 Bg7 7. d4 cxd4 8. cxd4 Nf6 9. Re1 d5 10. e5 Ne4 11. Nbd2 Nxd2 12. Bxd2 Nc6 13. e6 fxe6 14. Bc3 O-O 15. Ng5 Rf6 16. Qe2 Raf8 17. f3 Nd8 18. Rad1 h6 19. Nh3 g5 20. Nf2 Nc6 21. Ng4 Rg6 22. Qd3 Qe8 23. Re2 h5 24. Nf2 g4 25. fxg4 hxg4 26. Rde1 Rf4 27. Rxe6 Rxe6 28. Rxe6 Rxf2 29. Rxc6 Rxg2+ 30. Kxg2 bxc6 31. Qf5 e6 32. Qxg4 Qf7 33. Qh4 Qg6+ 34. Kf2 Qf5+ 35. Ke3 Bf6 36. Qg3+ Bg5+ 37. Ke2 Qe4+ 38. Kd1 Qf4 39. Qxf4 Bxf4 40. h3 Kf7 41. Ke2 Kg6 42. Kf3 Kf5 43. Bb4 e5 44. dxe5 Bxe5 45. b3 Bd4 46. Be7 c5 47. h4 c4 48. bxc4 dxc4 49. Ke2 Ke4 50. h5 Kf5 51. h6 Kg6 52. Bf8 a6 53. Bg7 Bc5 54. Kd2 Bb4+ 55. Ke3 Bc5+ 56. Kd2 Bb4+ 57. Ke3 Bc5+ 58. Kd2 1/2-1/2


[Site "https://www.chess.com"]

[Event "Titled Tuesday Blitz February 28 Late 2023"]
[White "Taboas Rodriguez, Daniel"]
[Black "Ricaurte Lopez, Juan Carlos"]
[WhiteFideId "2208466"]
[BlackFideId "3600327"]
[WhiteElo "2365"]
[BlackElo "2209"]
[Result "1-0"]
[Round "01"]
[TimeControl "180+2"]
[Date "2023.02.28"]
[WhiteClock "0:00:58"]
[BlackClock "0:00:08"]

1. d4 d6 2. Nf3 Nf6 3. c4 g6 4. Nc3 Bg7 5. e4 O-O 6. Be2 c6 7. O-O Nbd7 8. Be3 a5 9. Nd2 e5 10. d5 cxd5 11. cxd5 b6 12. Nc4 Nc5 13. f3 Ba6 14. a3 b5 15. Nxa5 Qxa5 16. b4 Qb6 17. Rb1 Nfd7 18. bxc5 Nxc5 19. Bxb5 Bxb5 20. Rxb5 Qa6 21. Bxc5 dxc5 22. a4 Rfc8 23. Kh1 Bf8 24. Qc2 c4 25. Rfb1 Qa7 26. a5 Qe3 27. Ra1 Bc5 28. a6 Bd4 29. Rc1 Rxa6 30. h3 Ra3 31. Ne2 Qf2 32. Nxd4 exd4 33. Qxf2 1-0


[Site "https://www.chess.com"]

[Event "Titled Tuesday Blitz February 28 Late 2023"]
[White "Pissama Ntsaou, Martial"]
[Black "Manukyan, Sargis V."]
[WhiteFideId "17400864"]
[BlackFideId "13303465"]
[WhiteElo "2071"]
[BlackElo "2236"]
[Result "0-1"]
[Round "01"]
[TimeControl "180+2"]
[Date "2023.02.28"]
[WhiteClock "0:00:07"]
[BlackClock "0:00:58"]

1. e4 c5 2. Nf3 Nc6 3. Bb5 g6 4. O-O Bg7 5. c3 Nf6 6. Qe2 O-O 7. h3 a6 8. Bxc6 bxc6 9. d3 d6 10. Be3 Rb8 11. Na3 e5 12. Nc4 Ne8 13. a4 f5 14. a5 f4 15. Bd2 g5 16. Nb6 Be6 17. d4 cxd4 18. cxd4 exd4 19. Qxa6 h5 20. Qd3 g4 21. hxg4 hxg4 22. Nxd4 Nc7 23. Nxc6 Qh4 24. Nxb8 g3 25. fxg3 fxg3 26. Rxf8+ Bxf8 27. Qf3 Bg4 28. Qb3+ d5 29. Kf1 Qh1# 0-1


[Site "https://www.chess.com"]

[Event "Titled Tuesday Blitz February 28 Late 2023"]
[White "Berezin, Viktor"]
[Black "Torres Dominguez, David"]
[WhiteFideId "14107872"]
[BlackFideId "2220857"]
[WhiteElo "2310"]
[BlackElo "1999"]
[Result "1-0"]
[Round "01"]
[TimeControl "180+2"]
[Date "2023.02.28"]
[WhiteClock "0:02:03"]
[BlackClock "0:01:57"]

1. d4 e5 2. dxe5 d6 3. Nf3 Bg4 4. Nc3 Nc6 5. g3 dxe5 6. Qxd8+ Rxd8 7. Bg2 f6 8. O-O a6 9. h3 Be6 10. a3 Bd6 11. b4 Nge7 12. Bb2 Kf7 13. Rfd1 Bf5 14. Rd2 Rhe8 15. Rad1 Nc8 16. Nd5 N6e7 17. Nh4 Be6 18. Nxe7 Bxe7 19. Rxd8 Rxd8 20. Rxd8 Bxd8 21. Bxb7 Bc4 22. Bxc8 1-0


[Site "https://www.chess.com"]

[Event "Titled Tuesday Blitz February 28 Late 2023"]
[White "Manu_ChessExcelsior"]
[Black "Pham, Khoi"]
[BlackFideId "1054988"]
[WhiteElo "1968"]
[BlackElo "2535"]
[Result "0-1"]
[Round "01"]
[TimeControl "180+2"]
[Date "2023.02.28"]
[WhiteClock "0:00:02"]
[BlackClock "0:00:58"]

1. e4 c6 2. d4 d5 3. e5 c5 4. dxc5 e6 5. Nf3 Bxc5 6. Bd3 Nc6 7. c3 Nge7 8. O-O O-O 9. h4 Qc7 10. Re1 f6 11. exf6 gxf6 12. Bh6 Rf7 13. Nbd2 e5 14. Nb3 Bb6 15. Bf1 Bg4 16. Qc2 Bxf3 17. gxf3 e4 18. fxe4 Qg3+ 19. Bg2 Qxh4 20. exd5 Ne5 21. Be3 Kh8 22. Nd4 Rg8 23. Nf5 Nf3+ 24. Kf1 Qc4+ 25. Re2 Nxf5 26. Bxf3 Bxe3 27. fxe3 Ng3+ 28. Kf2 Nxe2 29. Qxe2 Qh4+ 30. Kf1 Rfg7 31. Qf2 Rg1+ 32. Qxg1 Rxg1+ 33. Kxg1 Qg3+ 34. Bg2 Qxe3+ 35. Kh1 f5 36. Rf1 f4 37. Rf3 Qe5 38. c4 Qe1+ 39. Kh2 Qh4+ 40. Rh3 Qg5 41. c5 Qe5 42. d6 f3+ 43. Kg1 fxg2 44. Kxg2 Qxc5 45. Rd3 Qc2+ 46. Rd2 Qxd2+ 0-1


[Site "https://www.chess.com"]

[Event "Titled Tuesday Blitz February 28 Late 2023"]
[White "Kokoszczynski, Jan"]
[Black "Vanek, Tomas"]
[WhiteFideId "1174460"]
[BlackFideId "313459"]
[WhiteElo "2139"]
[BlackElo "2052"]
[Result "0-1"]
[Round "01"]
[TimeControl "180+2"]
[Date "2023.02.28"]
[WhiteClock "0:00:01"]
[BlackClock "0:00:14"]

1. e4 c5 2. Nf3 Nc6 3. d4 cxd4 4. Nxd4 Nf6 5. Nc3 e5 6. Ndb5 d6 7. Nd5 Nxd5 8. exd5 Nb8 9. Qf3 Be7 10. Bd2 O-O 11. Be2 a6 12. Qa3 Bf5 13. c4 Nc6 14. dxc6 axb5 15. Qf3 Bg6 16. cxb7 Rb8 17. cxb5 e4 18. Qb3 Rxb7 19. O-O d5 20. a4 d4 21. Bc4 Bc5 22. a5 e3 23. Bb4 Qe7 24. Bxc5 Qxc5 25. a6 Rc7 26. Rac1 e2 27. Bxe2 Qxc1 28. b6 Qc2 29. Qa3 Rd7 30. a7 Rdd8 31. b7 Qxe2 32. a8=Q Bd3 33. Ra1 Rde8 0-1


[Site "https://www.chess.com"]

[Event "Titled Tuesday Blitz February 28 Late 2023"]
[White "Desideri, Ricardo Maruchi"]
[Black "Martin Duque, Jesus"]
[WhiteFideId "2110440"]
[BlackFideId "2208954"]
[WhiteElo "1945"]
[BlackElo "2305"]
[Result "0-1"]
[Round "01"]
[TimeControl "180+2"]
[Date "2023.02.28"]
[WhiteClock "0:01:20"]
[BlackClock "0:02:05"]

1. e4 c5 2. Nf3 a6 3. d4 cxd4 4. Nxd4 Nf6 5. c4 Nxe4 6. Bd3 Qa5+ 7. Kf1 Nc5 8. b4 Qxb4 9. Bd2 Qa4 10. Bc2 Qxc4+ 11. Ne2 Nc6 12. Na3 Qg4 13. h3 Qh5 14. Qb1 b5 15. Ng3 Qd5 16. Be3 Bb7 17. Qe1 Ne5 18. Rd1 Qxg2+ 19. Ke2 Bf3+ 20. Kd2 Bxd1 21. Bxd1 Qd5+ 22. Ke2 Qd3# 0-1


[Site "https://www.chess.com"]

[Event "Titled Tuesday Blitz February 28 Late 2023"]
[White "Principe, Gerson"]
[Black "Vargas, Mauricio"]
[WhiteFideId "3804550"]
[BlackFideId "4404572"]
[WhiteElo "2229"]
[BlackElo "2025"]
[Result "1-0"]
[Round "01"]
[TimeControl "180+2"]
[Date "2023.02.28"]
[WhiteClock "0:01:20"]
[BlackClock "0:00:20"]

1. Nf3 Nc6 2. d4 g6 3. b3 Bg7 4. Bb2 Nf6 5. e3 Kf8 6. Be2 h5 7. O-O h4 8. c4 h3 9. g3 d5 10. Nc3 e6 11. Rc1 Ne7 12. Ne5 b6 13. cxd5 Nexd5 14. Ba3+ Kg8 15. Nc6 Qe8 16. Nxd5 Nxd5 17. e4 Nf6 18. Ne7+ Kh7 19. Rxc7 Nxe4 20. Bf3 f5 21. Bxe4 fxe4 22. Qg4 e5 23. Qh4+ Bh6 24. Nf5+ Kg8 25. Nxh6+ Rxh6 26. Qxh6 Bd7 27. dxe5 b5 28. Rd1 Rd8 29. e6 Qxe6 30. Bb2 Qf7 31. Qh8# 1-0


[Site "https://www.chess.com"]